 Dungeon Crawl Stone Soup version 0.27.1-2-g3b301248ec (webtiles) character file.

Game seed: 18296678992017385992

1775 Descartes the Covert (level 8, 0/34 HPs)
             Began as a Felid Delver on Oct 4, 2021.
             Slain by a goblin (3 damage)
             ... on level 8 of the Dungeon.
             The game lasted 00:21:21 (13822 turns).

Descartes the Covert (Felid Delver)                Turns: 13822, Time: 00:21:22

Health: 0/34       AC:  2    Str: 10    XL:     8   Next: 80%
Magic:  9/9        EV: 27    Int: 12    God:
Gold:   461        SH:  0    Dex: 24    Spells: 0/7 levels left
                                        Lives:  0   Deaths: 2

rFire    . . .     SeeInvis +     - Unarmed
rCold    . . .     Faith    .   (shield unavailable)
rNeg     . . .     Spirit   .   (armour unavailable)
rPois    .         Reflect  .   (helmet unavailable)
rElec    .         Harm     .   (cloak unavailable)
rCorr    .         Rampage  .   (gloves unavailable)
Will     +....                  (boots unavailable)
Stlth    ++++++....             (no amulet)
HPRegen  0.11/turn              g - +6 ring of dexterity
MPRegen  0.11/turn              (no ring)

@: hasted, studying Conjurations, very quick
A: very small, claws 1, fangs 3, see invisible, speed 1, shaggy fur 2, stealthy
paws, no weapons or thrown items, no armour, multi-lived
a: no special abilities


You were on level 8 of the Dungeon.
You visited 2 branches of the dungeon, and saw 9 of its levels.

You collected 461 gold pieces.

Inventory:

Missiles
 k - 182 stones
Jewellery
 g - a +6 ring of dexterity (left paw)
 o - a ring of flight
 B - a ring of wizardry
Wands
 e - a wand of digging (8)
 j - a wand of flame (45)
 m - a wand of polymorph (3)
Scrolls
 a - 2 scrolls of fog
 b - a scroll of magic mapping
 c - a scroll of fear
 f - a scroll of immolation
 p - 2 scrolls of blinking
 r - a scroll of vulnerability {unknown}
 v - 4 scrolls of teleportation
 y - 3 scrolls of amnesia
 C - a scroll of summoning
Potions
 d - a potion of haste
 h - a potion of curing
 i - a potion of magic {unknown}
 l - a potion of flight {unknown}
 n - a potion of invisibility {unknown}
 q - a potion of mutation {unknown}
 t - a potion of berserk rage {unknown}
 u - 2 potions of brilliance
 w - a potion of lignification {unknown}
 x - a potion of resistance {unknown}
 A - a potion of cancellation {unknown}


   Skills:
 - Level 3.0 Fighting
 - Level 10.0 Dodging
 - Level 12.0 Stealth
 + Level 6.1 Unarmed Combat
 + Level 2.8 Conjurations
 + Level 4.6 Hexes
 - Level 3.0 Translocations
 + Level 2.3 Earth Magic
 - Level 3.0 Evocations


You couldn't memorise any spells.
You knew the following spells:

 Your Spells              Type           Power      Damage    Failure   Level
a - Tukima's Dance        Hex            11%        N/A       16%         3
b - Apportation           Tloc           14%        N/A       10%         1
c - Stone Arrow           Conj/Erth      12%        3d7       34%         3

Your spell library contained the following spells:

 Spells                   Type           Power      Damage    Failure   Level
 Corona                   Hex            12%        N/A       4%          1
 Ensorcelled Hibernation  Hex/Ice        10%        N/A       21%         2
 Dazzling Flash           Conj/Hex       16%        N/A       22%         3
 Animate Skeleton         Necr           0%         N/A       32%         1
 Summon Small Mammal      Summ           0%         N/A       32%         1
 Passage of Golubria      Tloc           N/A        N/A       67%         4
 Iskenderun's Mystic Bla  Conj/Tloc      6%         2d4       71%         4
 Yara's Violent Unravell  Hex/Tmut       2%         3d3       98%         5
 Bolt of Magma            Conj/Fire/Erth 2%         4d4       99%         5
 Starburst                Conj/Fire      1%         6d3       100%        6
 Shatter                  Erth           2%         3d6*      100%        9


Dungeon Overview and Level Annotations

Branches:
Dungeon (8/15)             Temple (1/1) D:5
   Lair: D:8-11

Altars:
Ashenzari
Cheibriados
Dithmenos
Elyvilon
Fedhas
Gozag
Hepliaklqana
Kikubaaqudgha
Makhleb
Nemelex Xobeh
Okawaru
Qazlal
Ru
Trog
Uskayaw
Vehumet
Wu Jian
Xom
Yredelemnul
Zin
The Shining One

Shops:
D:4 *   D:6 :

Portals:
Bailey: D:8

Annotations:
D:7 exclusion: 4 doors


Innate Abilities, Weirdness & Mutations

You have sharp claws.
You have razor-sharp teeth.
You have supernaturally acute eyesight. (SInv)
You cover ground quickly. (Speed+)
You are covered in thick fur. (AC +2)
Your paws help you pounce on unaware monsters.
You are incapable of wielding weapons or throwing items.
You cannot wear armour.
You gain extra lives every three experience levels.


Message History

The goblin splashes around in the water.
The orc priest mumbles some strange prayers to Beogh against you.
Beogh smites you!
* * * LOW HITPOINT WARNING * * *
The goblin hits you from afar with a +0 spear.
* * * LOW HITPOINT WARNING * * *
The orc completely misses you.
You feel much better.
The goblin hits you from afar with a +0 spear.
The goblin closely misses you. The orc misses you.
The orc priest hits you with a +0 falchion!
The goblin splashes around in the water.
You feel yourself speed up. The goblin closely misses you. x2
The orc priest completely misses you. The goblin closely misses you.
You scratch the orc priest.
The orc priest is almost dead.
The goblin splashes around in the water.
You scratch the orc priest.
You claw the orc priest, but do no damage.
The orc priest is almost dead.
The goblin misses you. The goblin completely misses you.
The orc priest calls down the wrath of Beogh upon you.
Beogh smites you!
* * * LOW HITPOINT WARNING * * *
You feel better. The goblin completely misses you. The orc closely misses you.
You barely miss the orc priest.
The orc priest is almost dead.
The goblin closely misses you. The goblin misses you.
The orc priest hits you with a +0 falchion!
* * * LOW HITPOINT WARNING * * *
The goblin completely misses you.
You scratch the orc priest but do no damage.
The orc priest is almost dead.
The orc hits you with a +0 club.
* * * LOW HITPOINT WARNING * * *
The goblin splashes around in the water.
You claw the orc priest!
You kill the orc priest!
The goblin hits you from afar with a +0 spear.
You die...

#.(........#.
#..........#.
#..........#.
######*##.......##
#....####.#..#....
#.........#..#....
#####.:.......#..#..#.
#.............####..#.
#.###@........#,,#..#.
#..o)o........#,,####.
#..oOggg≈≈....#,,*,,#.
##?≈##g##≈.##....*,,##
#.≈#...#≈.#*....*,,*,
#.≈#.∩.#≈........,,*,
#.≈#...#≈...,....,,*,
#.≈#####≈....,*,,,,,,
*,≈≈≈≈≈≈≈.....*,,,,,,


You could see a two-headed ogre, 3 orcs and 4 goblins.

Vanquished Creatures
  Maggie (D:6)
  Prince Ribbit (D:6)
  4 yaks
  A wyvern (D:5)
  A steam dragon (D:7)
  Menkaure (D:4)
  2 water moccasins (D:6)
  A black bear (D:7)
  A necrophage (D:7)
  A gnoll sergeant (D:5)
  2 scorpions (D:5)
  3 bullfrogs
  A wyvern zombie (D:7)
  A water moccasin zombie (D:5)
  A wyvern skeleton (D:7)
  A howler monkey (D:5)
  A bullfrog zombie (D:3)
  2 hounds
  3 orc priests
  3 jellies
  Crazy Yiuf (D:6)
  2 orc wizards
  Ijyb (D:4)
  2 iguanas
  6 gnolls
  12 adders
  2 white imps
  2 ufetubi (D:5)
  An adder skeleton (D:4)
  5 worms
  3 dart slugs (D:2)
  15 orcs
  7 endoplasms
  4 giant cockroaches
  4 hobgoblins
  7 jackals
  9 kobolds
  4 quokkas
  5 ball pythons
  4 bats
  7 frilled lizards
  5 goblins
  5 rats
145 creatures vanquished.

Notes
Turn   | Place    | Note
-------+----------+-------------------------------------------
     0 | D:5      | Descartes the Felid Delver began the quest for the Orb.
     0 | D:5      | Reached XP level 1. HP: 10/10 MP: 2/2
    10 | D:5      | Noticed a jelly
    17 | D:5      | Killed a jelly
    18 | D:5      | Reached skill level 7 in Stealth
    18 | D:5      | Reached XP level 2. HP: 14/14 MP: 3/3
    18 | D:5      | Reached XP level 3. HP: 17/17 MP: 4/4
    32 | D:5      | Noticed a wyvern
    49 | D:5      | Killed a wyvern
    50 | D:5      | Reached skill level 8 in Stealth
    50 | D:5      | Reached XP level 4. HP: 21/21 MP: 5/5
    50 | D:5      | Reached XP level 5. HP: 24/24 MP: 6/6
    94 | D:5      | Slain by an iguana
    95 | D:5      | Reached XP level 4. HP: -3/21 MP: 5/5
   117 | D:5      | Noticed a scorpion
   135 | D:5      | Killed a scorpion
   136 | D:5      | Reached skill level 9 in Stealth
   136 | D:5      | Reached skill level 1 in Evocations
   136 | D:5      | Reached XP level 5. HP: 24/24 MP: 6/6
   389 | D:4      | Noticed Ijyb
   392 | D:4      | Killed Ijyb
   393 | D:4      | Reached skill level 5 in Dodging
   393 | D:4      | Gained mutation: You are covered in thick fur. (AC +2)
                  | [Felid growth]
   393 | D:4      | Reached XP level 6. HP: 28/28 MP: 7/7
   513 | D:4      | Found Ziarikug's Assorted Antiques.
   656 | D:4      | Noticed Menkaure
   912 | D:1      | Found a faded altar of an unknown god.
  1220 | D:1      | Learned a level 3 spell: Tukima's Dance
  1697 | D:1      | Learned a level 1 spell: Apportation
  1900 | D:2      | Found a hide-covered altar of Uskayaw.
  2747 | D:2      | Reached skill level 1 in Translocations
  3558 | D:3      | Reached skill level 1 in Hexes
  3931 | D:4      | Noticed a yak
  3931 | D:4      | Noticed a yak
  3931 | D:4      | Noticed a yak
  3931 | D:4      | Noticed a yak
  3946 | D:3      | Killed a yak
  3947 | D:3      | Reached skill level 10 in Stealth
  3947 | D:3      | Reached XP level 7. HP: 9/31 MP: 8/8
  5780 | D:5      | Found a staircase to the Ecumenical Temple.
  5789 | Temple   | Entered the Ecumenical Temple
  6178 | D:6      | Found Jalug Motypt's Book Boutique.
  6315 | D:6      | Noticed Prince Ribbit
  6321 | D:6      | Killed Prince Ribbit
  6322 | D:6      | Reached skill level 11 in Stealth
  6322 | D:6      | Reached XP level 8. HP: 34/34 MP: 9/9
  9103 | D:6      | Reached skill level 5 in Unarmed Combat
  9599 | D:4      | Killed Menkaure
  9919 | D:4      | Reached skill level 12 in Stealth
 11280 | D:6      | Found a runed translucent door.
 11281 | D:6      | Noticed Crazy Yiuf
 11342 | D:6      | Noticed Maggie
 11349 | D:6      | Killed Maggie
 11350 | D:6      | Reached skill level 10 in Dodging
 11350 | D:6      | Reached XP level 9. HP: 10/37 MP: 10/10
 11578 | D:6      | Learned a level 3 spell: Stone Arrow
 12277 | D:6      | Killed Crazy Yiuf
 12408 | D:7      | Reached skill level 1 in Conjurations
 12408 | D:7      | Reached skill level 1 in Earth Magic
 13113 | D:7      | Killed from afar by a steam dragon
 13114 | D:7      | Reached XP level 8. HP: -13/34 MP: 9/9
 13221 | D:7      | Identified a scroll of acquirement
 13222 | D:7      | Acquired a manual of Conjurations
 13808 | D:8      | Found a flagged portal.
 13813 | D:8      | Noticed a two-headed ogre
 13822 | D:8      | Slain by a goblin

Illustrated notes

Levels and vault maps discovered:
D:1:      roderic_octagonal_star, layout_loops_corners, basic_ecumenical_altar,
          minmay_vboxes
D:2:      layout_basic, basic_altar
D:3:      layout_basic, serial_rivers, chequers_serial_rivers_marsh,
          chequers_serial_rivers_large_b, chequers_serial_rivers_small_a,
          chequers_serial_rivers_micro_a, chequers_serial_rivers_marsh,
          chequers_serial_rivers_marsh
D:4:      layout_cave_pools, serial_shops, shop, uniq_ijyb, uniq_menkaure
D:5:      layout_basic, lemuel_temple_firewalk_b
D:6:      layout_basic, serial_shops, shop, uniq_prince_ribbit1,
          uniq_crazy_yiuf_cottage, uniq_maggie
D:7:      layout_loops_corners
D:8:      corexii_shack_village, layout_gridville, mainiacjoe_overflow_alcove_4,
          enter_bailey_3, serial_bayou_pond_e, roderic_roman_lattice,
          hangedman_abyss_or_decor_stagger, uniq_grum
Temple:   minmay_crystal_snake_temple

Skill      XL: |  1  2  3  4  5  6  7  8  9 |
---------------+----------------------------+-----
Dodging        | 3 4 5 6 10 | 10.0
Stealth        | 7 8 9 10 11 12 | 12.0
Unarmed Combat | 3 4 6 |  6.1
Evocations     | 1 2 3 |  3.0
Translocations | 2 3 |  3.0
Hexes          | 2 4 3 |  4.6
Conjurations   | 2 1 |  2.8
Earth Magic    | 2 1 |  2.3
Fighting       | |  3.0

Action                   |  1- 3 |  4- 6 |  7- 9 || total
-------------------------+-------+-------+-------++-------
Melee: Unarmed           |     4 |   209 |   374 ||   587
       Bite              |       |    27 |    55 ||    82
       Punch             |       |     3 |    10 ||    13
Evoke: Wand              |     1 |     5 |     4 ||    10
  Use: Scroll            |       |       |    15 ||    15
       Potion            |       |       |     4 ||     4
 Stab: Sleeping          |     2 |    30 |    14 ||    46
       Paralysed         |     2 |     2 |       ||     4
       Distracted        |       |     1 |     2 ||     3
Armor: Skin              |       |     6 |     9 ||    15
Dodge: Dodged            |       |   121 |   370 ||   491
